 Dungeon Crawl Stone Soup version 0.30-a0-920-g7493c07aab (webtiles) character file.

Game seed: 15120422831197608668

5658 Hubris850 the Grappler (level 10, -7/77 HPs)
             Began as a Minotaur Gladiator on Mar 21, 2023.
             Was a Priest of Makhleb.
             Mangled by an orc warrior
             ... wielding a +0 glaive
              (11 damage)
             ... on level 9 of the Dungeon on Mar 22, 2023.
             The game lasted 00:23:20 (9494 turns).

Hubris850 the Grappler (Minotaur Gladiator)         Turns: 9494, Time: 00:23:21

Health: -7/77      AC:  6    Str: 22    XL:     10   Next: 46%
Magic:  14/14      EV: 13    Int:  5    God:    Makhleb [***...]
Gold:   551        SH:  0    Dex: 13    Spells: 9/9 levels left

rFire   + . .      SeeInvis .      - Unarmed
rCold   . . .      Faith    .    (no shield)
rNeg    . . .      Spirit   .    K - +0 steam dragon scales
rPois   .          Reflect  .    b - +0 hat
rElec   .          Rampage  .    (no cloak)
rCorr   +                        (no gloves)
Will    .....                    (no boots)
Stlth   +                        w - amulet of the acrobat
HPRegen 0.32/turn                k - ring of resist corrosion
MPRegen 0.14/turn                F - ring of protection from fire

@: hasted, very quick
A: horns 2, retaliatory headbutt
a: Renounce Religion, Minor Destruction, Lesser Servant of Makhleb


You were on level 9 of the Dungeon.
You worshipped Makhleb.
Makhleb was most pleased with you.
You visited 1 branch of the dungeon, and saw 9 of its levels.
You also visited: Ossuary and Bailey.

You collected 551 gold pieces.

Inventory:

Hand Weapons
 j - a +0 dagger of venom
 n - a +1 spear of venom
 q - a +0 lajatang
 x - a +1 heavy broad axe
Missiles
 c - 3 throwing nets
 d - 9 javelins
 e - 2 curare-tipped darts
 A - 7 boomerangs (quivered)
 L - 2 boomerangs of dispersal
 M - 26 poisoned darts
Armour
 a - a +0 leather armour
 b - a +0 hat (worn)
 h - the +1 leather armour of Ycyazuja {rC+ Stlth+}
   (You found it on level 7 of the Dungeon)

   rC:        It protects you from cold.
   Stlth:     It makes you more stealthy.
 p - a +0 ring mail
 y - the +0 robe of Classification {rN+ Will+ Dex+4}
   (You found it on level 8 of the Dungeon)

   Dex:       It affects your dexterity (+4).
   rN:        It protects you from negative energy.
   Will:      It increases your willpower.
 K - +0 steam dragon scales (worn)
 N - the +2 ring mail "Pasuash" {rF- MP+9 Str+6}
   (You found it on level 8 of the Dungeon)

   Str:       It affects your strength (+6).
   rF:        It makes you vulnerable to fire.
   MP:        It affects your magic capacity (+9).
Magical Staves
 g - a staff of poison
 D - a staff of death
 E - a staff of air
Jewellery
 k - a ring of resist corrosion (left hand)
 w - an amulet of the acrobat (around neck)
 B - an amulet of faith
 F - a ring of protection from fire (right hand)
 I - a ring of magical power
 X - a +6 ring of intelligence
Wands
 v - a wand of iceblast (7)
Scrolls
 i - 2 scrolls of poison
 l - 3 scrolls of enchant armour
 r - a scroll of vulnerability
 t - a scroll of torment
 u - 2 scrolls of enchant weapon
 C - a scroll of blinking {unknown}
 G - a scroll of silence {unknown}
 H - 4 scrolls of fear {unknown}
 J - a scroll of teleportation {unknown}
 W - a scroll of fog {unknown}
Potions
 f - a potion of cancellation
 m - 6 potions of haste
 o - 3 potions of lignification
 s - a potion of attraction
 z - 3 potions of brilliance
 O - 2 potions of invisibility {unknown}
 P - 2 potions of curing
 Q - a potion of magic {unknown}
 R - a potion of mutation {unknown}
 S - 3 potions of flight {unknown}
 T - 2 potions of might {unknown}
 U - a potion of resistance {unknown}
 V - a potion of heal wounds


   Skills:
 + Level 3.2 Fighting
 - Level 8.0 Throwing
 - Level 5.0 Armour
 - Level 3.6 Dodging
 - Level 12.1 Unarmed Combat
 - Level 7.0 Invocations


You had 9 spell levels left.
You didn't know any spells.
Your spell library contained the following spells:

 Spells                   Type           Power      Damage    Failure   Level
 Beastly Appendage        Tmut           0%         N/A       47%         1
 Wereblood                Tmut           0%         N/A       63%         2
 Spider Form              Tmut/Pois      0%         N/A       85%         3


Dungeon Overview and Level Annotations

Branches:
Dungeon (9/15)             Temple (0/1) D:7            Lair (0/5) D:8
Ossuary (visited)          Bailey (visited)
    Orc: D:9-12

Altars:
Dithmenos
Elyvilon
Gozag
Makhleb
Okawaru
Sif Muna
Trog
Uskayaw
Vehumet
Xom


Innate Abilities, Weirdness & Mutations

You have a pair of horns on your head.
You reflexively headbutt those who attack you in melee.


Message History

The orc wizard mumbles some strange words.
The orc wizard flickers and vanishes!
Deactivating autopickup; reactivate with Ctrl-A.
The orc warrior barely misses your ynoxinul.
Your ynoxinul barely misses the orc warrior.
The orc warrior hits your ynoxinul with a +0 scimitar.
Your ynoxinul dies!
Your ynoxinul disappears in a puff of smoke!
Your ufetubus disappears in a puff of smoke! x3
The orc wizard mumbles some strange words.
The orc wizard flickers and vanishes!
The orc warrior hits you from afar with a +0 glaive.
The orc warrior misses you. You furiously retaliate!
You headbutt the orc warrior. You closely miss the orc warrior.
The orc warrior is lightly wounded.
The orc warrior hits you with a +0 scimitar!
The orc warrior hits you from afar with a +0 glaive!
You barely miss the orc warrior. You headbutt the orc warrior.
The orc warrior is moderately wounded.
The orc warrior misses you. The orc warrior barely misses you.
You barely miss the orc warrior.
The orc warrior is moderately wounded.
The orc wizard mumbles some strange words.
The orc wizard flickers and vanishes!
The orc warrior hits you with a +0 scimitar!
The orc warrior hits you from afar with a +0 glaive!
* * * LOW HITPOINT WARNING * * *
You punch the orc warrior!
The orc warrior is severely wounded.
You barely miss the orc warrior.
The orc warrior is severely wounded.
The orc warrior closely misses you.
The orc warrior hits you with a +0 scimitar!
* * * LOW HITPOINT WARNING * * *
Okay, then.
Okay, then.
You feel yourself speed up. The orc warrior misses you.
The orc warrior hits you from afar with a +0 glaive!
You die...

##.# #.# #<#
#.# #.## #..#
##.#
#.###########
#.@oo{oo{{..#
#.#########.#
### #.# #)#
#o#


.ooooo.o# ...o.o.o# ......o## ..#...# You could see 2 orc warriors, an orc
priest and an orc.

Vanquished Creatures
  The ghost of LobsterGuardian the Shooter, a novice SpHu (D:5)
  2 trolls (D:9)
  Sigmund (D:2)
  A wyvern (D:8)
  4 steam dragons
  3 water moccasins
  An acid dragon (D:9)
  11 orc warriors
  An ice beast (D:5)
  A sky beast (D:7)
  2 black bears
  3 centaurs
  A phantom (D:7)
  2 gnoll sergeants
  3 kobold brigands
  A bullfrog (D:8)
  5 scorpions
  3 wights
  3 killer bees (D:7)
  2 howler monkeys (D:9)
  A crimson imp (D:6)
  A centaur zombie (Ossuary)
  2 hounds (D:5)
  2 jellies (D:5)
  An orc priest (D:8)
  A gnoll bouda (D:9)
  2 sleepcaps
  3 iguanas
  6 orc wizards
  5 mummies (Ossuary)
  Robin (D:2)
  12 adders
  14 gnolls
  A shadow imp (D:7)
  2 white imps
  2 ufetubi
  A dart slug (D:2)
  35 orcs
  6 ball pythons
  6 bats
  5 endoplasms
  2 giant cockroaches
  3 gnoll zombies (Ossuary)
  17 goblins
  12 hobgoblins
  5 quokkas
  6 frilled lizards
  3 goblin zombies (Ossuary)
  A hobgoblin zombie (Ossuary)
  15 kobolds
  6 rats
230 creatures vanquished.

Vanquished Creatures (others)
  An orc wizard (D:5)
  A plant (D:5)
2 creatures vanquished.

Grand Total: 232 creatures vanquished

Notes
Turn   | Place    | Note
-------+----------+-------------------------------------------
     0 | D:1      | Hubris850 the Minotaur Gladiator began the quest for the
                  | Orb.
     0 | D:1      | Reached XP level 1. HP: 18/18 MP: 0/0
   178 | D:1      | Reached XP level 2. HP: 19/25 MP: 1/1
   522 | D:1      | Reached XP level 3. HP: 31/31 MP: 2/2
   862 | D:2      | Noticed Sigmund
   871 | D:2      | Killed Sigmund
   872 | D:2      | Reached skill level 5 in Unarmed Combat
   872 | D:2      | Reached XP level 4. HP: 26/38 MP: 3/3
   872 | D:2      | Reached XP level 5. HP: 31/45 MP: 4/4
  1099 | D:2      | Noticed Robin
  1106 | D:2      | Killed Robin
  1642 | D:3      | Found a radiant altar of Vehumet.
  2245 | D:4      | Reached XP level 6. HP: 29/51 MP: 5/5
  2631 | D:4      | Reached skill level 5 in Throwing
  2631 | D:4      | Reached skill level 6 in Unarmed Combat
  3301 | D:5      | Entered Level 5 of the Dungeon
  3423 | D:5      | Reached XP level 7. HP: 18/57 MP: 6/6
  3560 | D:5      | Found a shimmering blue altar of Sif Muna.
  3562 | D:5      | Found a runed translucent gate.
  3742 | D:5      | Reached skill level 7 in Unarmed Combat
  3832 | D:5      | Found a runed translucent gate.
  3837 | D:5      | Found a runed translucent gate.
  3839 | D:5      | Noticed LobsterGuardian's ghost (novice SpHu)
  4184 | D:5      | Found a bloodstained altar of Trog.
  4230 | D:5      | Reached XP level 8. HP: 60/63 MP: 7/7
  4515 | D:5      | Killed LobsterGuardian's ghost
  4516 | D:5      | Reached skill level 8 in Unarmed Combat
  4735 | D:6      | Found an opulent altar of Gozag.
  5056 | D:6      | Found an iron altar of Okawaru.
  5199 | D:6      | Reached skill level 9 in Unarmed Combat
  5445 | D:6      | Found a shimmering altar of Xom.
  5446 | D:6      | Found a burning altar of Makhleb.
  5454 | D:6      | Became a worshipper of Makhleb the Destroyer
  6016 | D:7      | Reached skill level 10 in Unarmed Combat
  6016 | D:7      | Reached XP level 9. HP: 26/69 MP: 8/8
  6161 | D:7      | Identified the +1 leather armour of Ycyazuja {rC+ Stlth+}
  6494 | D:7      | Reached skill level 11 in Unarmed Combat
  6606 | D:7      | Found a staircase to the Ecumenical Temple.
  6878 | D:7      | HP: 3/69 [gnoll sergeant/+0 spear (5)]
  6894 | D:7      | HP: 2/69 [kobold/+0 short sword (2)]
  7260 | D:8      | Reached skill level 12 in Unarmed Combat
  7266 | D:8      | Reached * piety under Makhleb
  7267 | D:8      | Reached skill level 1 in Invocations
  7350 | D:8      | Found a white marble altar of Elyvilon.
  7350 | D:8      | Found a shadowy altar of Dithmenos.
  7356 | D:8      | Found a hide-covered altar of Uskayaw.
  7400 | D:8      | Identified the +2 ring mail "Pasuash" {rF- MP+9 Str+6}
  7403 | D:8      | Found a flagged portal.
  7528 | Bailey   | Entered a bailey
  7825 | D:8      | Found a sand-covered staircase.
  7833 | Ossuary  | Entered an ossuary
  7860 | Ossuary  | Reached skill level 5 in Invocations
  7951 | Ossuary  | Reached ** piety under Makhleb
  7997 | Ossuary  | Reached XP level 10. HP: 77/77 MP: 12/12
  8165 | D:8      | Identified the +0 robe of Classification {rN+ Will+ Dex+4}
  8247 | D:8      | Found a staircase to the Lair.
  9090 | D:9      | Reached skill level 1 in Armour
  9290 | D:9      | Reached *** piety under Makhleb
  9456 | D:9      | Reached skill level 5 in Armour
  9494 | D:9      | Mangled by an orc warrior

Illustrated notes

Levels and vault maps discovered:
D:1:      minmay_arrival_four_houses, layout_loops_ring
D:2:      layout_basic, kennysheep_donut, serial_bayou_pond_a,
          nicolae_elevator_lobby_asterisk, uniq_sigmund, uniq_robin
D:3:      layout_basic, mainiacjoe_overflow_surrounded_room, serial_glass,
          glass_columns_b, glass_columns_c, glass_columns_c, glass_columns_b,
          glass_columns_b, glass_columns_b, glass_columns_c, glass_columns_a,
          glass_columns_a, glass_columns_b, lightli_corner_chamber
D:4:      layout_basic
D:5:      layout_rooms, mainiacjoe_overflow_boulevard, lightli_temple_of_fire,
          ebering_ghost_rock_garden, kennysheep_generic_room_12
D:6:      layout_loops_corners, grunt_temple_overflow_champion_of_chaos,
          grunt_gozag_breadcrumbs, okawaru_ov_weapons_minmay, nicolae_half_adder
D:7:      layout_rooms, minmay_temple_entry_from_below_a
D:8:      layout_cave_pools, grunt_temple_overflow_open,
          grunt_lair_entry_orc_guard_hut, nicolae_ossuary_entry_plus,
          enter_bailey_5, chequers_serial_rivers_room_a
D:9:      layout_roguey, david_orc_4, special_room [special_room_orc]

Skill      XL: |  1  2  3  4  5  6  7  8  9 10 |
---------------+-------------------------------+-----
Fighting       | 3 |  3.2
Throwing       | 4 5 6 8 |  8.0
Unarmed Combat | 5 6 7 10 12 | 12.1
Invocations    | 5 7 |  7.0
Armour         | 5 |  5.0
Dodging        | |  3.6

Action                     |  1- 3 |  4- 6 |  7- 9 | 10-12 || total
---------------------------+-------+-------+-------+-------++-------
  Melee: Unarmed           |    21 |    99 |   303 |   154 ||   577
         Headbutt          |    10 |    17 |    58 |    31 ||   116
         Dagger            |    27 |       |       |       ||    27
         Punch             |       |     4 |    17 |     7 ||    28
  Throw: Throwing net      |     1 |       |       |       ||     1
         Javelin           |       |       |       |     4 ||     4
         Dart              |       |       |       |     1 ||     1
         Boomerang         |       |       |       |     1 ||     1
 Invoke: Lesser Servant of |       |       |       |     1 ||     1
    Use: Scroll            |       |       |    10 |     1 ||    11
         Potion            |       |       |     7 |     2 ||     9
   Stab: Held in net/web   |     2 |       |       |       ||     2
         Distracted        |       |       |     1 |       ||     1
 Armour: Leather armour    |     9 |       |       |       ||     9
         Ring mail         |       |    25 |    54 |       ||    79
         Steam dragon scal |       |       |    20 |    28 ||    48
  Dodge: Dodged            |    25 |    70 |   237 |   105 ||   437

Table legend: (Time is in decaauts)
 A = Elapsed time spent in this place.
 B = Non-inter-level travel time spent in this place.
 C = Inter-level travel time spent in this place.
 D = Time resting spent in this place.
 E = Time spent auto-exploring this place.
 F = Levels seen in this place.
 G = Mean time per level.
                   A        B        C        D        E       F      G
               +--------+--------+--------+--------+--------+-----+--------+
         Total |   9366 |   9235 |    131 |   2693 |   4810 |  11 |  851.5 |
       Dungeon |   8815 |   8684 |    131 |   2459 |   4810 |   9 |  979.4 |
       Ossuary |    275 |    275 |      0 |     78 |      0 |   1 |  275.0 |
        Bailey |    274 |    274 |      0 |    156 |      0 |   1 |  274.0 |
               +--------+--------+--------+--------+--------+-----+--------+

Top non-repeatable levels by time:
     D:6: 1397 daAuts
     D:5: 1249 daAuts
     D:7: 1240 daAuts
     D:3: 1010 daAuts
     D:8: 939 daAuts
     D:4: 822 daAuts
     D:2: 746 daAuts
     D:1: 710 daAuts
     D:9: 698 daAuts
 Ossuary: 275 daAuts
  Bailey: 274 daAuts
